 Dungeon Crawl Stone Soup version 0.28-a0-94-g325244837d (webtiles) character file.

Game seed: 1309591807850322687

11 Leeroy the Changer (level 2, 0/21 HPs)
             Began as a Merfolk Transmuter on Aug 7, 2021.
             Slain by a bat (1 damage)
             ... on level 1 of the Dungeon.
             The game lasted 00:00:28 (281 turns).

Leeroy the Changer (Merfolk Transmuter)              Turns: 281, Time: 00:00:29

Health: 0/21       AC:  2    Str: 10    XL:     2   Next: 25%
Magic:  4/5        EV: 12    Int: 12    God:
Gold:   0          SH:  0    Dex: 14    Spells: 4/5 levels left

rFire   . . .      SeeInvis .     - Unarmed
rCold   . . .      Faith    .   (no shield)
rNeg    . . .      Spirit   .   a - +0 robe
rPois   .          Reflect  .   (helmet currently unavailable)
rElec   .          Harm     .   (no cloak)
rCorr   .          Rampage  .   (no gloves)
Will    .....                   (boots currently unavailable)
Stlth   +.........              (no amulet)
HPRegen 0.07/turn               (no ring)
MPRegen 0.09/turn               (no ring)

@: appendages (expiring)
A: horns 2, (nimble swimmer 2), mertail
a: End Transformation


You were on level 1 of the Dungeon.
You had temporarily grown beastly horns.
You visited 1 branch of the dungeon, and saw 1 of its levels.

Inventory:

Armour
 a - a +0 robe (worn)


   Skills:
 - Level 1.1 Fighting
 - Level 2.6 Dodging
 - Level 3.2 Unarmed Combat
 - Level 2.0 Spellcasting
 + Level 3.9 Transmutations


You had 4 spell levels left.
You knew the following spells:

 Your Spells              Type           Power      Damage    Failure   Level
a - Beastly Appendage     Tmut           20%        N/A       5%          1

Your spell library contained the following spells:

 Spells                   Type           Power      Damage    Failure   Level
 Wereblood                Tmut           10%        N/A       9%          2
 Spider Form              Tmut/Pois      2%         N/A       36%         3
 Ice Form                 Ice/Tmut       5%         N/A       77%         4


Dungeon Overview and Level Annotations

Branches:
Dungeon (1/15)

Altars:


Innate Abilities, Weirdness & Mutations

You have temporarily grown beastly horns.
((You are quick and stealthy near water. (Stealth+, EV+, Speed+++)))
Your lower body shifts to a powerful aquatic tail in water.


Message History

Confirm with . or Enter, or press ? or * to list all spells.
You grow a pair of large bovine horns.
The bat barely misses you. The ball python loses its grip on you.
The hobgoblin misses you. The kobold hits you with a +0 dagger.
The ball python barely misses you. The ball python closely misses you.
You hit the hobgoblin.
The hobgoblin is heavily wounded.
The bat misses you. The ball python misses you. The ball python grabs you.
The ball python constricts you. The hobgoblin closely misses you.
The ball python bites you.
You hit the hobgoblin.
You kill the hobgoblin!
The bat barely misses you. The kobold hits you with a +0 dagger.
The ball python closely misses you. The ball python constricts you.
The ball python barely misses you.
You escape the ball python's grasp.
The bat hits you. The ball python barely misses you.
The ball python misses you. The ball python barely misses you.
The ball python grabs you. The ball python constricts you.
You hit the ball python but do no damage.
The ball python is severely wounded.
The bat barely misses you. The ball python bites you.
The ball python bites you but does no damage.
The ball python constricts you.
You barely miss the ball python. Your headbutt misses the ball python.
The ball python is moderately wounded.
The kobold barely misses you. The ball python barely misses you.
The bat hits you but does no damage. The ball python barely misses you.
The ball python constricts you.
You punch the ball python!
You kill the ball python!
The bat hits you but does no damage. The bat barely misses you.
The kobold hits you with a +0 dagger.
* * * LOW HITPOINT WARNING * * *
The ball python bites you.
* * * LOW HITPOINT WARNING * * *
x2 The ball python constricts you.
You escape the ball python's grasp.
The bat closely misses you. The bat hits you.
You die...

.........# ..........#
...........# ...........#
#........ ...........#
#....... ...........#
#....... ...........#
#...... .......Sb@.#
#.....# ........K#####
#.....# .............#
#.....# .............#
#....# .............#
#..).#####
.............####.....รท..#
.....................###.'
#####................# ###
#................#


You could see a bat, a ball python and a kobold.

Vanquished Creatures
  2 dart slugs (D:1)
  A goblin (D:1)
  A hobgoblin (D:1)
  2 ball pythons (D:1)
  A frilled lizard (D:1)
  A rat (D:1)
8 creatures vanquished.

Notes
Turn   | Place    | Note
-------+----------+-------------------------------------------
     0 | D:1      | Leeroy the Merfolk Transmuter began the quest for the Orb.
     0 | D:1      | Reached XP level 1. HP: 15/15 MP: 3/3
    61 | D:1      | Reached XP level 2. HP: 7/21 MP: 5/5
   279 | D:1      | HP: 1/21 [ball python (1)]
   281 | D:1      | Slain by a bat

Illustrated notes

Levels and vault maps discovered:
D:1:      minmay_arrival_doors, layout_basic, minmay_rat_gold_closets

Skill      XL: |  1 |
---------------+----+-----
Transmutations | 3 |  3.9
Fighting       | |  1.1
Dodging        | |  2.6
Unarmed Combat | |  3.2
Spellcasting   | |  2.0

Action                   || total
-------------------------++-------
Melee: Unarmed           ||    29
       Headbutt          ||     4
 Cast: Beastly Appendage ||     2
Armor: Robe              ||    14
Dodge: Dodged            ||    31

Table legend: (Time is in decaauts)
 A = Elapsed time spent in this place.
 B = Non-inter-level travel time spent in this place.
 C = Inter-level travel time spent in this place.
 D = Time resting spent in this place.
 E = Time spent auto-exploring this place.
 F = Levels seen in this place.
 G = Mean time per level.
                   A        B        C        D        E       F      G
               +--------+--------+--------+--------+--------+-----+--------+
         Total |    279 |    279 |      0 |      0 |    231 |   1 |  279.0 |
       Dungeon |    279 |    279 |      0 |      0 |    231 |   1 |  279.0 |
               +--------+--------+--------+--------+--------+-----+--------+

Top non-repeatable levels by time:
     D:1: 279 daAuts
